 Dungeon Crawl Stone Soup version 0.30-a0-782-ge64f9170bb (webtiles) character file.

Game seed: 2797811661812557865

1216 Lavandula the Slicer (level 8, -3/44 (58) HPs)
             Began as a Human Monk on Feb 22, 2023.
             Slain by Duvessa
             ... wielding a +2 short sword of draining
              (10 damage)
             ... on level 6 of the Dungeon.
             The game lasted 00:07:44 (6037 turns).

Lavandula the Slicer (Human Monk)                   Turns: 6037, Time: 00:07:45

HP:   -3/44 (58)    AC: 11    Str: 13    XL:     8   Next: 75%
MP:   0/8           EV: 10    Int: 11    God:
Gold: 47            SH:  0    Dex: 16    Spells: 7/7 levels left

rFire   + . .      SeeInvis .    v - +2 dagger (venom)
rCold   . . .      Faith    .    (no shield)
rNeg    . . .      Spirit   +    G - +3 scale mail {rF+}
rPois   .          Reflect  .    n - +0 helmet
rElec   .          Harm     .    (no cloak)
rCorr   .          Rampage  .    s - +0 pair of gloves
Will    .....                    (no boots)
Stlth   +                        y - amulet of guardian spirit
HPRegen 0.27/turn                (no ring)
MPRegen 0.11/turn                (no ring)

@: heavily drained
A: no striking features
a: no special abilities


You were on level 6 of the Dungeon.
You visited 1 branch of the dungeon, and saw 6 of its levels.

You collected 409 gold pieces.
You spent 362 gold pieces at shops.

Inventory:

Hand Weapons
 a - a +0 falchion
 v - a +2 dagger of venom (weapon)
Missiles
 t - 15 boomerangs (quivered)
 w - 9 poisoned darts
Armour
 n - a +0 helmet (worn)
 s - a +0 pair of gloves (worn)
 B - a +2 kite shield
 G - a +3 scale mail of fire resistance (worn)
Jewellery
 y - an amulet of guardian spirit (around neck)
Wands
 A - a wand of flame (18)
 F - a wand of iceblast (6)
Scrolls
 e - 10 scrolls of identify {unknown}
 f - 2 scrolls of immolation {unknown}
 h - 4 scrolls of teleportation {unknown}
 j - a scroll of enchant armour {unknown}
 k - a scroll of amnesia {unknown}
 m - 3 scrolls of magic mapping {unknown}
 p - 2 scrolls of enchant weapon {unknown}
 r - 3 scrolls of noise {unknown}
Potions
 b - a potion of magic {unknown}
 c - a potion of ambrosia
 d - a potion of attraction {unknown}
 g - 4 potions of curing
 i - 2 potions of degeneration {unknown}
 l - a potion of flight {unknown}
 o - 3 potions of mutation {unknown}
 q - a potion of brilliance {unknown}
 x - a potion of might {unknown}
 z - a potion of berserk rage {unknown}
 C - a potion of experience {unknown}
 D - a potion of heal wounds {unknown}
 E - 2 potions of haste


   Skills:
 - Level 3.0 Fighting
 + Level 8.0(9.1) Short Blades
 - Level 6.3(8.2) Long Blades
 - Level 3.0 Dodging
 - Level 2.0 Stealth


You had 7 spell levels left.
You didn't know any spells.
Your spell library contained the following spells:

 Spells                   Type           Power      Damage    Failure   Level
 Foxfire                  Conj/Fire      0%         2x1d4     87%         1
 Ensorcelled Hibernation  Hex/Ice        0%         N/A       95%         2
 Kindle Blastsparks       Fire/Tloc/Air  0%         2d10      99%         3
 Spider Form              Tmut/Pois      0%         N/A       99%         3
 Anguish                  Hex/Necr       0%         N/A       100%        4
 Fulminant Prism          Conj/Hex       0%         3d5       100%        4
 Iskenderun's Mystic Bla  Conj/Tloc      0%         2d3       100%        4
 Leda's Liquefaction      Hex/Erth       0%         N/A       100%        4
 Fireball                 Conj/Fire      0%         3d3       100%        5
 Lee's Rapid Deconstruct  Erth           0%         3d4*      100%        5
 Starburst                Conj/Fire      0%         6d3       100%        6
 Statue Form              Tmut/Erth      0%         N/A       100%        6


Dungeon Overview and Level Annotations

Branches:
Dungeon (6/15)
 Temple: D:4-7

Altars:
Cheibriados

Shops:
D:4 [

Annotations:
D:2 Terence
D:6 Duvessa


Message History

Duvessa is severely wounded.
Duvessa hits you with a +2 short sword of draining.
You feel drained.
You hit Duvessa but do no damage.
Duvessa looks as sick as possible!
Duvessa is severely wounded.
You hit Duvessa but do no damage.
Duvessa is severely wounded.
Duvessa hits you but does no damage.
You feel drained.
You hit Duvessa but do no damage.
Duvessa looks as sick as possible!
Duvessa is severely wounded.
Duvessa hits you with a +2 short sword of draining!
You feel drained.
You hit Duvessa but do no damage.
Duvessa looks as sick as possible!
Duvessa is severely wounded.
Duvessa closely misses you.
You hit Duvessa but do no damage.
Duvessa looks as sick as possible!
Duvessa is severely wounded.
Duvessa hits you with a +2 short sword of draining.
You feel drained.
You barely miss Duvessa.
Duvessa is severely wounded.
You hit Duvessa but do no damage.
Duvessa looks as sick as possible!
Duvessa is severely wounded.
Duvessa misses you.
You hit Duvessa but do no damage.
Duvessa looks as sick as possible!
Duvessa is severely wounded.
Duvessa hits you with a +2 short sword of draining!
You feel drained.
You barely miss Duvessa.
Duvessa is severely wounded.
Duvessa hits you but does no damage.
You feel drained.
You hit Duvessa.
Duvessa is almost dead.
Duvessa hits you with a +2 short sword of draining!
* * * LOW HITPOINT WARNING * * *
You feel drained.
* * * LOW HITPOINT WARNING * * *
Duvessa attacks as you move away!
Duvessa hits you with a +2 short sword of draining!
You die...

##..##...#
##).##...#
..).##...#.....
.........#....####
#
........<#....#..#
.#
....##...#....#..#
..#
....##...#....#..#
...# ######
..#....#..#....#
.....#
.#....#.@e....#
.....#
##....#..#)...#
.....#
#....##..##....#
.....# #....'....#
...# .....#
+....#....+ ..#
.....#+##....#....#
.#
.............#....#
.
#####........###+##
#........#


You could see Duvessa (berserk, extremely poisoned).

Vanquished Creatures
  A water moccasin (D:3)
  A black bear (D:5)
  A centaur (D:5)
  An ogre (D:6)
  2 phantoms
  A bullfrog (D:6)
  A scorpion (D:5)
  Dowan (D:6)
  4 orc priests
  A hound (D:6)
  A gnoll bouda (D:5)
  An iguana (D:4)
  3 orc wizards
  6 gnolls (D:5)
  9 adders
  A worm (D:3)
  4 dart slugs
  25 orcs
  3 endoplasms
  7 giant cockroaches
  8 goblins
  6 hobgoblins
  2 jackals (D:1)
  7 kobolds
  A quokka (D:1)
  5 ball pythons
  6 bats
  4 frilled lizards
  3 rats (D:2)
116 creatures vanquished.

Notes
Turn   | Place    | Note
-------+----------+-------------------------------------------
     0 | D:1      | Lavandula the Human Monk began the quest for the Orb.
     0 | D:1      | Reached XP level 1. HP: 18/18 MP: 1/1
   267 | D:1      | Reached XP level 2. HP: 24/24 MP: 2/2
   816 | D:2      | Noticed Terence
   905 | D:2      | Reached XP level 3. HP: 29/29 MP: 3/3
  1067 | D:3      | Found a snail-covered altar of Cheibriados.
  1250 | D:3      | Noticed a water moccasin
  1252 | D:3      | Reached XP level 4. HP: 35/35 MP: 4/4
  1846 | D:3      | Reached skill level 5 in Long Blades
  2163 | D:3      | Noticed a phantom
  2176 | D:3      | Killed a phantom
  2177 | D:3      | Reached XP level 5. HP: 29/41 MP: 5/5
  2457 | D:3      | Reached XP level 6. HP: 15/47 MP: 6/6
  2726 | D:3      | Killed a water moccasin
  2727 | D:3      | Reached skill level 2 in Short Blades
  3145 | D:4      | Found Ahianick's Antique Armour Shoppe.
  3153 | D:4      | Bought a glowing kite shield for 187 gold pieces
  3222 | D:4      | Reached skill level 3 in Short Blades
  3240 | D:4      | Reached XP level 7. HP: 27/52 MP: 3/7
  3706 | D:5      | Entered Level 5 of the Dungeon
  3784 | D:5      | Reached skill level 4 in Short Blades
  4184 | D:5      | Reached skill level 5 in Short Blades
  4274 | D:5      | Reached XP level 8. HP: 20/58 MP: 2/8
  4437 | D:5      | Reached skill level 6 in Short Blades
  5266 | D:4      | Bought a runed scale mail for 175 gold pieces
  5367 | D:6      | Identified the +0 ring mail "Xeihaoge" {Int+4}
  5427 | D:6      | Reached skill level 7 in Short Blades
  6020 | D:6      | Noticed Duvessa
  6020 | D:6      | Noticed Dowan
  6022 | D:6      | Killed Dowan
  6023 | D:6      | Reached skill level 8 in Short Blades
  6037 | D:6      | Slain by Duvessa

Illustrated notes

Levels and vault maps discovered:
D:1:      spicycebolla_arrival_ecumenical, layout_loops_ring,
          wander_ebering_terrifying_dragon_lair
D:2:      layout_loops_cross, roderic_filled_cross, uniq_terence
D:3:      layout_loops_ring, mainiacjoe_overflow_alcove_2, kennysheep_nub,
          minmay_joined_circles
D:4:      layout_loops_ring, serial_shops, nicolae_shop_trees
D:5:      layout_layer_cave, chequers_serial_rivers_micro_d
D:6:      layout_gridville, minmay_holes, hangedman_decor_points, uniq_duvessa

Skill      XL: |  1  2  3  4  5  6  7  8 |
---------------+-------------------------+-----
Long Blades    | 4 6 |  6.3
Short Blades   | 3 5 8 |  8.0
Fighting       | |  3.0
Dodging        | |  3.0
Stealth        | |  2.0

Action                     |  1- 3 |  4- 6 |  7- 9 || total
---------------------------+-------+-------+-------++-------
  Melee: Falchion          |    89 |   159 |    96 ||   344
         Punch             |     1 |       |     2 ||     3
         Dagger            |       |       |   114 ||   114
  Throw: Boomerang         |       |       |    12 ||    12
  Evoke: Wand              |       |       |     5 ||     5
    Use: Potion            |       |     3 |     2 ||     5
   Stab: Sleeping          |     7 |       |       ||     7
         Distracted        |       |     1 |       ||     1
 Armour: Robe              |    12 |       |       ||    12
         Ring mail         |    14 |    26 |       ||    40
         Scale mail        |       |    43 |    72 ||   115
  Dodge: Dodged            |    73 |    80 |    88 ||   241

Table legend: (Time is in decaauts)
 A = Elapsed time spent in this place.
 B = Non-inter-level travel time spent in this place.
 C = Inter-level travel time spent in this place.
 D = Time resting spent in this place.
 E = Time spent auto-exploring this place.
 F = Levels seen in this place.
 G = Mean time per level.
                   A        B        C        D        E       F      G
               +--------+--------+--------+--------+--------+-----+--------+
         Total |   5981 |   5719 |    262 |    278 |   4386 |   6 |  996.8 |
       Dungeon |   5981 |   5719 |    262 |    278 |   4386 |   6 |  996.8 |
               +--------+--------+--------+--------+--------+-----+--------+

Top non-repeatable levels by time:
     D:5: 1509 daAuts
     D:3: 1480 daAuts
     D:4: 868 daAuts
     D:2: 777 daAuts
     D:6: 687 daAuts
     D:1: 657 daAuts
